 Dungeon Crawl Stone Soup version 0.27.0-1-g7a089689b8 (webtiles) character file.

Game seed: 12029797156144183506

17346 Smaepdii the Spear-Bearer (level 12, -4/147 HPs)
             Began as a Merfolk Gladiator on Aug 10, 2021.
             Was an Elder of Qazlal.
             Slain by a komodo dragon (15 damage)
             ... on level 11 of the Dungeon.
             The game lasted 01:10:16 (14304 turns).

Smaepdii the Spear-Bearer (Merfolk Gladiator)      Turns: 14304, Time: 01:10:17

Health: -4/147     AC: 26    Str: 15    XL:     12   Next: 47%
Magic:  17/17      EV:  2    Int:  7    God:    Qazlal [****..]
Gold:   602        SH: 11    Dex: 20    Spells: 6/11 levels left

rFire    + . .     SeeInvis .   a - +2 trident (freeze)
rCold    + . .     Faith    .   p - +0 buckler
rNeg     + + +     Spirit   .   (armour currently unavailable)
rPois    +         Reflect  .   (helmet currently unavailable)
rElec    .         Harm     .   (cloak currently unavailable)
rCorr    .         Rampage  .   (gloves currently unavailable)
Will     .....     NoTele   +   (boots currently unavailable)
Stlth    ++........             (no amulet)
HPRegen  0.34/turn              i - ring of protection from fire
MPRegen  0.15/turn              w - ring of protection from cold

@: tree-form, studying Poison Magic, repel missiles
A: stationary, stasis, torment immunity, boosted hp, (nimble swimmer 2),
(mertail)
a: Renounce Religion, Upheaval, Elemental Force


You were on level 11 of the Dungeon.
You worshipped Qazlal.
Qazlal was greatly pleased with you.
You were a tree.
You visited 2 branches of the dungeon, and saw 12 of its levels.

You collected 602 gold pieces.

Inventory:

Hand Weapons
 a - a +2 trident of freezing (weapon)
Missiles
 c - 4 throwing nets
 g - 351 stones
 s - 33 poisoned darts (quivered)
 B - 7 boomerangs
 L - 3 curare-tipped darts
Armour
 b - the +3 ring mail of Foorph (melded) {+Blink}
   (You acquired it on level 4 of the Dungeon)

   +Blink:    It lets you blink.
 m - a +1 pair of boots (melded)
 p - a +0 buckler (worn)
 r - a +2 leather armour of cold resistance
 y - the +2 kite shield of the Dropbear {rN+ Int-5 Slay+2 SInv}
   (You found it on level 5 of the Dungeon)

   Int:       It affects your intelligence (-5).
   Slay:      It affects your accuracy & damage with ranged weapons and melee
   (+2).
   rN:        It protects you from negative energy.
   SInv:      It lets you see invisible.
 D - a +2 helmet (melded)
 F - a +0 cloak (melded)
Jewellery
 i - a ring of protection from fire (left branch)
 w - a ring of protection from cold (right branch)
 J - an amulet of the acrobat
Wands
 z - a wand of iceblast (13)
 A - a wand of digging (1)
 H - a wand of mindburst (11)
 M - a wand of polymorph (7)
Scrolls
 e - 5 scrolls of teleportation
 f - 6 scrolls of fear
 h - a scroll of identify
 k - 5 scrolls of fog
 v - 2 scrolls of amnesia
 x - a scroll of enchant armour
 N - a scroll of blinking {unknown}
 O - a scroll of enchant weapon
Potions
 d - 4 potions of ambrosia
 j - 4 potions of brilliance
 l - 5 potions of attraction
 n - a potion of experience {unknown}
 o - a potion of heal wounds
 q - a potion of haste {unknown}
 t - 2 potions of flight {unknown}
 u - 2 potions of cancellation {unknown}
 C - 3 potions of curing
 E - a potion of berserk rage {unknown}
 G - 2 potions of mutation {unknown}
 I - a potion of resistance {unknown}
Miscellaneous
 K - a phial of floods


   Skills:
 + Level 10.4 Fighting
 - Level 14.0 Polearms
 - Level 2.0 Throwing
 + Level 12.5 Dodging
 - Level 2.4 Stealth
 - Level 4.0 Shields
 + Level 8.4 Transmutations
 - Level 7.0 Poison Magic
 + Level 7.7 Invocations


You had 6 spell levels left.
You knew the following spells:

 Your Spells              Type           Power      Damage    Failure   Level
a - Wereblood             Tmut           11%        N/A       2%          2
b - Spider Form           Tmut/Pois      5%         N/A       6%          3

Your spell library contained the following spells:

 Spells                   Type           Power      Damage    Failure   Level
 Beastly Appendage        Tmut           22%        N/A       1%          1
 Animate Skeleton         Necr           0%         N/A       43%         1
 Apportation              Tloc           0%         N/A       43%         1
 Corona                   Hex            0%         N/A       43%         1
 Summon Small Mammal      Summ           0%         N/A       43%         1
 Call Canine Familiar     Summ           0%         N/A       80%         3
 Gell's Gravitas          Tloc           0%         N/A       80%         3
 Summon Guardian Golem    Hex/Summ       0%         N/A       80%         3
 Teleport Other           Tloc           0%         N/A       80%         3
 Leda's Liquefaction      Hex/Erth       0%         N/A       99%         4
 Bolt of Magma            Conj/Fire/Erth 0%         4d4       100%        5
 Dispersal                Tloc           0%         N/A       100%        6
 Statue Form              Tmut/Erth      3%         N/A       100%        6


Dungeon Overview and Level Annotations

Branches:
Dungeon (11/15)            Temple (1/1) D:6            Lair (0/6) D:9
    Orc (0/2) D:11

Altars:
Ashenzari
Cheibriados
Dithmenos
Elyvilon
Fedhas
Gozag
Hepliaklqana
Kikubaaqudgha
Makhleb
Nemelex Xobeh
Okawaru
Qazlal
Ru
Sif Muna
Trog
Uskayaw
Vehumet
Wu Jian
Xom
Yredelemnul
Zin
The Shining One

Shops:
D:1 ?

Portals:
Ice
Cave: D:11


Innate Abilities, Weirdness & Mutations

You are a tree.
Your roots penetrate the ground, keeping you stationary.
You cannot be teleported.
You are immune to unholy pain and torment.
Your maximum health is greatly increased.
Your equipment is partially melded.
((You are quick and stealthy near water. (Stealth+, EV+, Speed+++)))
((Your lower body shifts to a powerful aquatic tail in water.))


Message History

The ice devil is almost dead.
You feel much better.
The ice devil hits you but does no damage.
The komodo dragon bites you but does no damage.
The ice devil hits you.
* * * LOW HITPOINT WARNING * * *
The ice devil freezes you! You resist.
* * * LOW HITPOINT WARNING * * *
You hit the ice devil.
You kill the ice devil!
Qazlal accepts your kill. The komodo dragon barely misses you.
The ice devil hits you but does no damage.
Aiming: Iceblast
Press: ? - help, Shift-Dir - straight line The mass of ice explodes!
The iceblast engulfs the komodo dragon!
The komodo dragon is lightly wounded.
You hear two shouts!
You block the komodo dragon's attack.
The ice devil hits you but does no damage.
Press: ? - help, v - describe, . - travel The floor, spattered with blood.
Aiming: Iceblast
Press: ? - help, Shift-Dir - straight line The mass of ice explodes!
The iceblast engulfs the komodo dragon!
The komodo dragon is moderately wounded.
You block the komodo dragon's attack.
The ice devil hits you but does no damage.
You puncture the komodo dragon!
The komodo dragon seems to slow down.
You freeze the komodo dragon.
The komodo dragon is severely wounded.
You puncture the komodo dragon!
The komodo dragon seems to slow down.
You freeze the komodo dragon.
The komodo dragon is almost dead.
The ice devil hits you!
* * * LOW HITPOINT WARNING * * *
The ice devil freezes you! You resist.
* * * LOW HITPOINT WARNING * * *
The komodo dragon bites you!
You die...

.....)).###.....##.#.......
..#....)#..........#.......
..####..##.................
....#)..##..#..............
...).....##########........
....##...#### #........
.))###...##... ###).......
...)##...##...°##.°........
....##...##∩....♣l#......##
....)#...##....##4+......#
...).....##... ###........
....#....#### #..(.<...
..(.#..#.# #.......#
.......##.. .......##
......<.# .# .......
........# ..##.####


You could see a komodo dragon (slow) and an ice devil.

Vanquished Creatures
  Harold (D:7)
  Erica (D:8)
  3 two-headed ogres
  A fire crab (D:10)
  An orc knight (D:10)
  An orc sorcerer (D:10)
  A cyclops (D:11)
  Joseph (D:6)
  Maggie (D:8)
  A gargoyle (D:10)
  A komodo dragon (D:10)
  An unseen horror (D:10)
  The ghost of SkeletonJelly the Covert, a novice OpBr of Dithmenos (D:4)
  2 kobold demonologists (D:10)
  An ice devil (D:11)
  A queen bee (D:9)
  4 trolls
  Prince Ribbit (D:8)
  2 wyverns
  2 shadows
  13 yaks
  A basilisk (D:9)
  4 water moccasins
  7 orc warriors
  A sky beast (D:6)
  3 ice beasts
  A necrophage (D:6)
  5 ogres
  2 phantoms
  3 centaurs
  5 kobold brigands (D:10)
  3 gnoll sergeants
  2 scorpions
  2 bullfrogs (D:8)
  A water moccasin zombie (D:5)
  A wyvern skeleton (D:5)
  32 killer bees
  7 wights
  3 howler monkeys
  A bullfrog zombie (D:6)
  4 orc priests
  4 hounds
  3 centaur zombies
  A gnoll shaman (D:6)
  3 iguanas
  Ijyb (D:3)
  8 orc wizards
  A hound zombie (D:5)
  2 howler monkey zombies
  Robin (D:3)
  A howler monkey skeleton (D:3)
  11 gnolls
  5 adders
  A shadow imp (D:5)
  An ufetubus (D:6)
  2 dart slugs
  37 orcs
  6 ball pythons
  8 endoplasms
  4 giant cockroaches
  18 goblins
  11 hobgoblins
  10 jackals
  8 kobolds
  2 quokkas
  4 bats (D:1)
  13 frilled lizards
  A jackal skeleton (D:4)
  4 rats
300 creatures vanquished.

Vanquished Creatures (others)
  A wight (D:7)
  A centaur skeleton (D:7)
  2 fungi (D:9)
  27 plants
31 creatures vanquished.

Grand Total: 331 creatures vanquished

Notes
Turn   | Place    | Note
-------+----------+-------------------------------------------
     0 | D:1      | Smaepdii the Merfolk Gladiator began the quest for the Orb.
     0 | D:1      | Reached XP level 1. HP: 16/16 MP: 1/1
   154 | D:1      | Reached XP level 2. HP: 23/23 MP: 2/2
   344 | D:1      | Reached skill level 1 in Stealth
   364 | D:1      | Found Wiukhoev's Magic Scroll Shoppe.
   425 | D:1      | Found a faded altar of an unknown god.
   445 | D:1      | Reached skill level 5 in Polearms
   613 | D:1      | Reached XP level 3. HP: 13/28 MP: 3/3
  1436 | D:2      | Reached XP level 4. HP: 34/34 MP: 4/4
  1975 | D:3      | Noticed Ijyb
  1985 | D:3      | Paralysed by Ijyb for 3 turns
  2003 | D:3      | Killed Ijyb
  2004 | D:3      | Reached skill level 6 in Polearms
  2005 | D:3      | Reached XP level 5. HP: 38/41 MP: 5/5
  2456 | D:3      | Noticed Robin
  2475 | D:3      | Killed Robin
  2476 | D:3      | Reached skill level 5 in Dodging
  3268 | D:4      | Identified a scroll of acquirement
  3268 | D:4      | Acquired the +3 ring mail of Foorph {+Blink}
  3328 | D:4      | Reached skill level 1 in Poison Magic
  3585 | D:4      | Noticed a phantom
  3598 | D:4      | Killed a phantom
  3599 | D:4      | Reached skill level 7 in Polearms
  3599 | D:4      | Reached XP level 6. HP: 36/47 MP: 6/6
  3760 | D:4      | Reached skill level 1 in Shields
  3913 | D:4      | Found a runed translucent door.
  3918 | D:4      | Noticed SkeletonJelly's ghost (novice OpBr)
  3938 | D:4      | Killed SkeletonJelly's ghost
  3939 | D:4      | Reached skill level 8 in Polearms
  3939 | D:4      | Reached XP level 7. HP: 48/54 MP: 7/7
  4101 | D:5      | Entered Level 5 of the Dungeon
  4564 | D:5      | Identified the +2 kite shield of the Dropbear {rN+ Int-5
                  | Slay+2 SInv}
  5100 | D:5      | Found a sparkling altar of Nemelex Xobeh.
  5202 | D:5      | Reached skill level 9 in Polearms
  5202 | D:5      | Reached XP level 8. HP: 49/61 MP: 8/8
  5510 | D:5      | Reached skill level 5 in Fighting
  5824 | D:5      | Reached skill level 10 in Polearms
  6140 | D:6      | Found a staircase to the Ecumenical Temple.
  6170 | Temple   | Entered the Ecumenical Temple
  6360 | Temple   | Became a worshipper of Qazlal Stormbringer
  6847 | D:6      | Reached XP level 9. HP: 69/69 MP: 9/9
  6883 | D:6      | Reached skill level 11 in Polearms
  7131 | D:7      | Noticed Joseph
  7285 | D:6      | Killed Joseph
  7612 | D:7      | Noticed a two-headed ogre
  7877 | D:8      | Killed a two-headed ogre
  7878 | D:8      | Reached skill level 12 in Polearms
  7878 | D:8      | Reached skill level 5 in Poison Magic
  7886 | D:8      | Reached * piety under Qazlal
  7887 | D:8      | Reached XP level 10. HP: 30/79 MP: 10/10
  7903 | D:8      | HP: 2/118 [orc warrior (12)]
  8270 | D:7      | Reached skill level 1 in Invocations
  8432 | D:7      | Found a shadowy altar of Dithmenos.
  8438 | D:7      | Found an opulent altar of Gozag.
  8439 | D:7      | Found an ornate altar of the Wu Jian Council.
  8439 | D:7      | Found a basalt altar of Yredelemnul.
  8443 | D:7      | Found a glowing silver altar of Zin.
  8660 | D:7      | Noticed Harold
  8729 | D:7      | Killed Harold
  8730 | D:7      | Reached skill level 13 in Polearms
  8982 | D:8      | Noticed Maggie
  9005 | D:8      | Killed Maggie
  9086 | D:8      | Noticed Prince Ribbit
  9092 | D:8      | Killed Prince Ribbit
  9482 | D:8      | Noticed Erica
  9510 | D:8      | Killed Erica
  9511 | D:8      | Reached skill level 10 in Dodging
  9719 | D:8      | Found a shimmering altar of Xom.
  9720 | D:8      | Found a hazy altar of Hepliaklqana.
  9721 | D:8      | Noticed a spectral ugly thing
 10266 | D:8      | Reached skill level 14 in Polearms
 10521 | D:8      | Reached XP level 11. HP: 82/86 MP: 13/13
 10556 | D:8      | Reached ** piety under Qazlal
 11131 | D:9      | Reached skill level 5 in Invocations
 11151 | D:9      | Reached skill level 5 in Transmutations
 11565 | D:9      | Found a staircase to the Lair.
 11781 | D:10     | Entered Level 10 of the Dungeon
 11816 | D:10     | Noticed a two-headed ogre
 11818 | D:10     | Reached *** piety under Qazlal
 11818 | D:10     | Noticed an orc knight
 11838 | D:10     | Killed an orc knight
 11847 | D:10     | Noticed an orc sorcerer
 11853 | D:10     | Killed a two-headed ogre
 11860 | D:10     | Killed an orc sorcerer
 12535 | D:10     | Learned a level 2 spell: Wereblood
 12539 | D:10     | Learned a level 3 spell: Spider Form
 12795 | D:10     | Reached XP level 12. HP: 89/97 MP: 16/16
 12955 | D:10     | Reached skill level 10 in Fighting
 14087 | D:11     | Found a staircase to the Orcish Mines.
 14230 | D:11     | Reached **** piety under Qazlal
 14249 | D:11     | Noticed a two-headed ogre
 14259 | D:11     | Killed a two-headed ogre
 14262 | D:11     | Found a frozen archway.
 14304 | D:11     | Slain by a komodo dragon

Illustrated notes

Levels and vault maps discovered:
D:1:      roderic_octagonal_star, layout_basic,
          hellmonk_ecumenical_altar_blasted, serial_shops, shop
D:2:      layout_rooms, minmay_box_of_dots
D:3:      kennysheep_the_goblin_king, layout_basic, uniq_robin
D:4:      layout_rooms, ebering_ghost_reflecting_pool, kennysheep_minor_cross,
          hex_intersection, minmay_lizard_king
D:5:      layout_loops_corners, kennysheep_mini
D:6:      layout_rooms, minmay_temple_entry_mini_moons
D:7:      layout_cave_pools, minitemple, st_stairs_14, uniq_joseph, uniq_harold
D:8:      layout_loops_ring, regret_index_temple_of_mockery, minivault_19,
          uniq_prince_ribbit1, uniq_maggie, uniq_erica
D:9:      layout_rooms, minmay_lair_entry_grove, special_room [special_room_bee]
D:10:     nzn_winding_woodlands_three_and_one
          [nzn_winding_woodlands_5x15_crooked,
          nzn_winding_woodlands_5x15_parted, nzn_winding_woodlands_5x15_garden,
          nzn_winding_woodlands_center_lodge], layout_loops_ring, special_room
          [special_room_orc]
D:11:     layout_cave_pools, david_orc_3, portal_ice_cave_demonic_guard,
          eino_tiny_chamber, led_sif_book
Temple:   eino_narrow_crystal_temple

Skill      XL: |  1  2  3  4  5  6  7  8  9 10 11 12 |
---------------+-------------------------------------+-----
Stealth        | 1 2 |  2.4
Polearms       | 5 6 7 8 9 10 12 14 | 14.0
Fighting       | 3 4 5 7 8 9 10 | 10.4
Dodging        | 5 6 7 9 10 11 12 | 12.5
Poison Magic   | 1 5 7 |  7.0
Shields        | 2 4 |  4.0
Invocations    | 3 6 7 |  7.7
Transmutations | 3 7 8 |  8.4
Throwing       | |  2.0

Action                   |  1- 3 |  4- 6 |  7- 9 | 10-12 || total
-------------------------+-------+-------+-------+-------++-------
Melee: Trident           |   113 |   217 |   165 |   767 ||  1262
       Spear             |       |       |   166 |    64 ||   230
       Unarmed           |       |       |       |    26 ||    26
Throw: Stone             |     4 |    23 |    41 |     3 ||    71
       Throwing net      |     1 |     5 |       |       ||     6
       Dart              |       |     2 |    20 |    21 ||    43
       Boomerang         |       |       |    12 |     8 ||    20
 Cast: Wereblood         |       |       |       |     3 ||     3
       Spider Form       |       |       |       |     1 ||     1
Invok: Upheaval          |       |       |       |     2 ||     2
 Abil: Evoke Blink       |       |       |     4 |     1 ||     5
Evoke: Wand              |       |     2 |     1 |     4 ||     7
  Use: Scroll            |       |     9 |     5 |     7 ||    21
       Potion            |       |       |     1 |     9 ||    10
 Stab: Sleeping          |     4 |     4 |     1 |       ||     9
       Held in net/web   |       |     1 |       |       ||     1
       Paralysed         |       |     1 |       |       ||     1
       Fleeing           |       |       |       |     1 ||     1
Armor: Leather armour    |    26 |    30 |       |       ||    56
       Ring mail         |       |    17 |    75 |   153 ||   245
       Skin              |       |       |     6 |    22 ||    28
Dodge: Dodged            |    57 |   103 |   179 |   387 ||   726
Block: Buckler           |       |     5 |    65 |   275 ||   345
       Other             |       |       |       |     1 ||     1
